 Dungeon Crawl Stone Soup version 0.29.1-12-g30fa7ad0bf (webtiles) character file.

Game seed: 6692484130284232563

52 boopmooplesden the Twirler (level 3, -3/31 HPs)
             Began as a Minotaur Gladiator on Dec 21, 2022.
             Killed by divine providence
             ... invoked by an orc priest
              (10 damage)
             ... on level 3 of the Dungeon.
             The game lasted 00:01:45 (1941 turns).

boopmooplesden the Twirler (Minotaur Gladiator)     Turns: 1941, Time: 00:01:47

Health: -3/31      AC:  4    Str: 26    XL:     3   Next: 60%
Magic:  2/2        EV: 12    Int:  5    God:
Gold:   55         SH:  0    Dex: 11    Spells: 2/2 levels left

rFire   . . .      SeeInvis .   a - +0 quarterstaff
rCold   . . .      Faith    .   (shield currently unavailable)
rNeg    . . .      Spirit   .   b - +0 leather armour
rPois   .          Reflect  .   c - +1 hat
rElec   .          Harm     .   (no cloak)
rCorr   .          Rampage  .   (no gloves)
Will    .....                   (no boots)
Stlth   +.........              (no amulet)
HPRegen 0.10/turn               h - +6 ring of strength
MPRegen 0.08/turn               (no ring)

@: confused
A: horns 2, retaliatory headbutt
a: no special abilities


You were on level 3 of the Dungeon.
You visited 1 branch of the dungeon, and saw 3 of its levels.

You collected 55 gold pieces.

Inventory:

Hand Weapons
 a - a +0 quarterstaff (weapon)
Missiles
 e - a javelin (quivered)
Armour
 b - a +0 leather armour (worn)
 c - a +1 hat (worn)
Jewellery
 h - a +6 ring of strength (left hand)
Scrolls
 g - a scroll of enchant armour
 m - a scroll of identify
 o - a scroll of noise {unknown}
Potions
 f - a potion of invisibility {unknown}
 i - a potion of brilliance
 j - a potion of cancellation {unknown}
 k - a potion of berserk rage {unknown}
 l - a potion of mutation {unknown}
 n - a potion of curing {unknown}


   Skills:
 + Level 3.2 Fighting
 + Level 4.3 Staves
 + Level 2.2 Throwing
 + Level 1.3 Armour
 + Level 3.7 Dodging


You had 2 spell levels left.
You didn't know any spells.
Your spell library contained the following spells:

 Spells                   Type           Power      Damage    Failure   Level
 Ensorcelled Hibernation  Hex/Ice        0%         N/A       65%         2
 Passwall                 Tmut/Erth      0%         N/A       65%         2
 Gell's Gravitas          Tloc           0%         N/A       87%         3
 Swiftness                Air            0%         N/A       87%         3
 Teleport Other           Tloc           0%         N/A       87%         3
 Dispersal                Tloc           0%         N/A       100%        6


Dungeon Overview and Level Annotations

Branches:
Dungeon (3/15)

Altars:
Dithmenos


Innate Abilities, Weirdness & Mutations

You have a pair of horns on your head.
You reflexively headbutt those who attack you in melee.


Message History

Press: ? - help, Q - select action, (/) - cycle Shift-Dir - straight line, f - orc
Aim: an orc, wielding a +0 club and wearing a +0 scale mail (61% to hit)
You throw a throwing net. The throwing net hits the orc.
The orc is caught in the net!
The orc closely misses you. You furiously retaliate!
You headbutt the orc.
The orc struggles against the net.
The orc priest invokes the aid of Beogh against you.
Pain shoots through your body!
Throw: 2 throwing nets
Press: ? - help, Q - select action, (/) - cycle Shift-Dir - straight line, f/p - orc
Aim: an orc, wielding a +0 club and wearing a +0 scale mail (entangled in a net, 93% to hit)
You throw a throwing net. The throwing net hits the orc.
The orc hits you but does no damage.
The orc struggles against the net.
The orc priest hits you with a +0 dagger.
The orc wizard hits you with a +0 dagger.
Throw: throwing net
Press: ? - help, Q - select action, (/) - cycle Shift-Dir - straight line, f - orc priest, p - orc
Aim: an orc priest, wielding a +0 dagger (57% to hit)
You throw a throwing net.
The throwing net closely misses the orc priest.
The orc closely misses you.
The orc struggles against the net.
The orc priest hits you but does no damage.
The orc wizard gestures at you while chanting.
You are confused.
You miss the orc priest. The orc hits you with a +0 mace.
The orc struggles against the net.
The orc priest barely misses you. The orc wizard barely misses you.
The orc completely misses you.
You sock the orc priest!
The orc priest is severely wounded.
The orc hits you with a +0 mace.
The orc struggles against the net.
The orc priest closely misses you.
The orc wizard hits you but does no damage.
The orc completely misses you.
You closely miss the orc. The orc hits you with a +0 mace.
* * * LOW HITPOINT WARNING * * *
The orc struggles against the net.
The net rips apart, and the orc comes free!
The orc priest mumbles some strange prayers to Beogh against you.
Beogh smites you!
You die...

###+## ###.....~~
#~~......~ ~.......
.### .~ #......
~...#
#~###....###~~...
.~≈≈#....oo#~≈~~.#
##.≈~.....o@.≈≈~~~.
#.~~~#....oo#~~~~P.
P~~.###....###.~~..
.~~~≈#......#~≈~P..
.~~≈≈........≈≈~..P
.~~≈~#......#≈~~~.#
.~~.###†...###.~~ P
.~~~~#..†...#~~~~
.~~≈≈........≈≈~P


You could see an orc priest, an orc wizard and 3 orcs.

Vanquished Creatures
  An adder (D:3)
  2 dart slugs
  4 endoplasms
  A giant cockroach (D:1)
  4 hobgoblins (D:1)
  2 jackals (D:1)
  2 quokkas
  4 ball pythons
  2 bats
  2 frilled lizards
  6 goblins
  4 kobolds
  A rat (D:1)
35 creatures vanquished.

Vanquished Creatures (others)
  2 plants (D:3)
2 creatures vanquished.

Grand Total: 37 creatures vanquished

Notes
Turn   | Place    | Note
-------+----------+-------------------------------------------
     0 | D:1      | boopmooplesden the Minotaur Gladiator began the quest for
                  | the Orb.
     0 | D:1      | Reached XP level 1. HP: 18/18 MP: 0/0
   299 | D:1      | Reached XP level 2. HP: 25/25 MP: 1/1
   488 | D:1      | Reached skill level 4 in Staves
  1044 | D:2      | Found a faded altar of an unknown god.
  1051 | D:2      | Reached XP level 3. HP: 24/31 MP: 2/2
  1249 | D:2      | Found a shadowy altar of Dithmenos.
  1461 | D:2      | Reached skill level 1 in Armour
  1941 | D:3      | Killed from afar by an orc priest

Illustrated notes

Levels and vault maps discovered:
D:1:      amcnicky_arrival_double_pillar, layout_basic
D:2:      layout_loops_cross, hellmonk_ecumenical_altar_pennies_from_heaven,
          basic_altar
D:3:      wad_lake_hut, layout_basic, minmay_misc_feat_columns,
          corexii_leaking_fountain, hangedman_abyss_or_decor_lesser_grid,
          minmay_misc_feat_doors

Skill      XL: |  1  2  3 |
---------------+----------+-----
Staves         | 4 |  4.3
Fighting       | 3 |  3.2
Armour         | 1 |  1.3
Throwing       | |  2.2
Dodging        | |  3.7

Action                   || total
-------------------------++-------
Melee: Quarterstaff      ||    62
       Headbutt          ||     7
Throw: Throwing net      ||     3
  Use: Scroll            ||     4
Armor: Leather armour    ||    21
Dodge: Dodged            ||    43
